 Dungeon Crawl Stone Soup version 0.30-a0-949-g53dc5368d7 (webtiles) character file.

Game seed: 1136556049875962703

1206 browni3141 the Firebug (level 8, -5/56 HPs)
             Began as a Demonspawn Fire Elementalist on Mar 28, 2023.
             Was an Initiate of Dithmenos.
             Killed by an exploding adder (43 damage)
             ... ignited by their inner flame
             ... on level 5 of the Dungeon.
             The game lasted 00:23:03 (7199 turns).

browni3141 the Firebug (DsFE)                       Turns: 7199, Time: 00:23:03

Health: -5/56      AC:  4    Str:  9    XL:     8   Next: 21%
Magic:  1/15       EV: 12    Int: 19    God:    Dithmenos [......]
Gold:   230        SH:  0    Dex: 13    Spells: 11/17 levels left

rFire   . . .      SeeInvis .    (no weapon)
rCold   . . .      Faith    .    (no shield)
rNeg    . . .      Spirit   .    a - +0 robe
rPois   .          Reflect  .    (no helmet)
rElec   .          Rampage  .    (no cloak)
rCorr   .                        (no gloves)
Will    .....                    (no boots)
Stlth   ++                       (no amulet)
HPRegen 0.29/turn                (no ring)
MPRegen 0.14/turn                (no ring)

@: no status effects
A: icy blue scales 1, demonic magic 1
a: Renounce Religion


You were on level 5 of the Dungeon.
You worshipped Dithmenos.
Dithmenos was noncommittal.
You visited 2 branches of the dungeon, and saw 6 of its levels.
You also visited: Sewer.

You collected 230 gold pieces.

Inventory:

Missiles
 d - 2 throwing nets
Armour
 a - a +0 robe (worn)
Jewellery
 p - an amulet of guardian spirit
Wands
 v - a wand of paralysis (6)
 w - a wand of mindburst (18)
 x - a wand of flame (27)
Scrolls
 b - a scroll of enchant armour
 e - 2 scrolls of enchant weapon
 f - a scroll of fear {unknown}
 g - 3 scrolls of fog
 h - 2 scrolls of poison
 l - a scroll of summoning
 n - 2 scrolls of vulnerability
 q - 2 scrolls of brand weapon
 s - a scroll of immolation {unknown}
 u - a scroll of amnesia
Potions
 c - a potion of might {unknown}
 i - 5 potions of curing {unknown}
 j - 3 potions of mutation {unknown}
 k - 3 potions of resistance {unknown}
 m - 2 potions of flight {unknown}
 o - a potion of ambrosia {unknown}
 r - 3 potions of haste
 t - a potion of invisibility {unknown}


   Skills:
 + Level 2.3 Fighting
 - Level 2.0 Dodging
 - Level 2.0 Stealth
 - Level 5.0 Spellcasting
 - Level 3.0 Conjurations
 - Level 1.0 Hexes
 - Level 6.0 Fire Magic
 - Level 4.0 Evocations


You had 11 spell levels left.
You knew the following spells:

 Your Spells              Type           Power      Damage    Failure   Level
a - Foxfire               Conj/Fire      84%        2x1d8     1%          1
b - Scorch                Fire           54%        2d7       1%          2
c - Inner Flame           Hex/Fire       18%        N/A       9%          3

Your spell library contained the following spells:

 Spells                   Type           Power      Damage    Failure   Level
 Kindle Blastsparks       Fire/Tloc/Air  24%        2d12      16%         3
 Flame Wave               Conj/Fire      21%        2d8       19%         4
 Ozocubu's Armour         Ice            4%         N/A       36%         3
 Metabolic Englaciation   Hex/Ice        3%         N/A       95%         5
 Simulacrum               Ice/Necr       2%         N/A       100%        6


Dungeon Overview and Level Annotations

Branches:
Dungeon (5/15)             Temple (1/1) D:5           Sewer (visited)

Altars:
Ashenzari
Cheibriados
Dithmenos
Fedhas
Gozag
Kikubaaqudgha
Makhleb
Nemelex Xobeh
Uskayaw
Vehumet
Wu Jian
Xom
Yredelemnul


Innate Abilities, Weirdness & Mutations

You are partially covered in icy blue scales. (AC +2)
Spells you cast may paralyse adjacent enemies.


Message History

Aiming: Inner Flame (dangerous; 9% risk of failure)
Press: ? - help, Dir - move target, f - gnoll, p - adder
Aim: a gnoll, wielding a +0 whip (lightly wounded, more vulnerable to fire, chance to affect: 80%)
The gnoll is filled with an inner flame.
Malevolent energies surge around you.
The gnoll is no longer more vulnerable to fire.
The gnoll is no longer paralysed.
The gnoll hits you with a +0 whip.
Unknown command.
Unknown command.
Casting: Inner Flame (dangerous; 9% risk of failure)
Confirm with . or Enter, or press ? or * to list all spells.
Flames lash the gnoll.
The gnoll is burned terribly!
The gnoll is heavily wounded.
Malevolent energies surge around you. The gnoll barely misses you.
Unknown command.
Unknown command.
Unknown command.
Aiming: Throw Flame
Press: ? - help, Shift-Dir - straight line, f/p - gnoll
Aim: a gnoll, wielding a +0 whip (lightly wounded, inner flame, 75% to hit)
The puff of flame hits the gnoll.
The gnoll is moderately wounded.
The gnoll hits you with a +0 whip.
Unknown command.
Aiming: Throw Flame
Press: ? - help, Shift-Dir - straight line, f/p - gnoll
Aim: a gnoll, wielding a +0 whip (lightly wounded, inner flame, 75% to hit)
The puff of flame hits the gnoll!
You kill the gnoll!
Dithmenos accepts your kill. The adder barely misses you.
Aiming: Throw Flame
Press: ? - help, Shift-Dir - straight line, f/p - gnoll
Aim: a gnoll, wielding a +0 whip (lightly wounded, inner flame, 75% to hit)
The puff of flame hits the adder!
Dithmenos accepts your kill.
The adder explodes!
The fiery explosion engulfs you!!!
Ouch! That really hurt!
You die...

..........##
.##.#......#
....##.##..# .
.#.........# ..
....###.##.## ...
.#...#......## ...
.##..#.#<....### g.
.....#.##......###§##...
.###.#.####..#..@§g.....
.###.#.# #..#####§###.#
.....#.#####.# #
.....#.#.###.##
......>#†.....#
.#..####†####.#######
.#.### #)...#.#.._..#
.#...# #....###.....#
.###.###....# #.....#


You could see 2 gnolls.

Vanquished Creatures
  A water moccasin (D:5)
  The ghost of hgbash the Conjurer, an amateur OpCj (D:3)
  A phantom (D:5)
  6 kobold brigands (Sewer)
  3 jellies
  An orc priest (D:3)
  2 iguanas
  4 gnolls
  14 adders
  2 river rats (Sewer)
  6 worms
  2 dart slugs
  10 orcs
  8 bats
  10 endoplasms
  3 giant cockroaches
  10 goblins
  7 hobgoblins
  8 jackals
  17 kobolds
  3 quokkas
  7 ball pythons
  6 frilled lizards
  10 rats
142 creatures vanquished.

Vanquished Creatures (others)
  389 foxfires
389 creatures vanquished.

Grand Total: 531 creatures vanquished

Notes
Turn   | Place    | Note
-------+----------+-------------------------------------------
     0 | D:1      | browni3141 the Demonspawn Fire Elementalist began the quest
                  | for the Orb.
     0 | D:1      | Reached XP level 1. HP: 13/13 MP: 3/3
   266 | D:1      | You fall into a shaft and drop 1 floor!
   313 | D:1      | Reached skill level 1 in Fighting
   453 | D:1      | Reached skill level 3 in Fire Magic
   476 | D:1      | Gained mutation: You are partially covered in icy blue
                  | scales. (AC +2) [demonic ancestry]
   476 | D:1      | Reached XP level 2. HP: 21/21 MP: 0/5
   942 | D:1      | Learned a level 2 spell: Scorch
  1073 | D:1      | Found a faded altar of an unknown god.
  1187 | D:1      | Reached XP level 3. HP: 25/26 MP: 1/6
  2424 | D:2      | Reached XP level 4. HP: 31/32 MP: 3/7
  2593 | D:2      | Learned a level 3 spell: Inner Flame
  3640 | D:3      | Reached XP level 5. HP: 38/38 MP: 4/9
  3699 | D:3      | Found a large runed translucent door.
  3699 | D:3      | Found a large runed translucent door.
  3700 | D:3      | Noticed hgbash's ghost (amateur OpCj)
  3747 | D:3      | Found a radiant altar of Vehumet.
  4110 | D:3      | Killed hgbash's ghost
  4111 | D:3      | Reached skill level 1 in Hexes
  4318 | D:4      | Gained mutation: Spells you cast may paralyse adjacent
                  | enemies. [demonic ancestry]
  4318 | D:4      | Reached XP level 6. HP: 40/44 MP: 5/12
  4584 | D:4      | Found an ornate altar of the Wu Jian Council.
  4805 | D:4      | Identified the +5 scale mail of Ovvyjoh {rC++ Stlth+}
  5437 | D:5      | Entered Level 5 of the Dungeon
  5449 | D:5      | Noticed a water moccasin
  5461 | D:5      | Killed a water moccasin
  5462 | D:5      | Reached XP level 7. HP: 45/50 MP: 0/13
  5618 | D:5      | Found a glowing drain.
  5728 | Sewer    | Entered a sewer
  5759 | Sewer    | Reached skill level 4 in Fire Magic
  6153 | Sewer    | Reached skill level 5 in Spellcasting
  6284 | Sewer    | Reached skill level 5 in Fire Magic
  6530 | Sewer    | Reached XP level 8. HP: 56/56 MP: 8/15
  6678 | Sewer    | Reached skill level 6 in Fire Magic
  6956 | D:5      | Found a staircase to the Ecumenical Temple.
  6976 | D:5      | Found a snail-covered altar of Cheibriados.
  6993 | Temple   | Entered the Ecumenical Temple
  7090 | Temple   | Became a worshipper of Dithmenos the Shadowed
  7138 | D:5      | Found a broken altar of Ashenzari.
  7199 | D:5      | Killed by an exploding adder... ignited by their inner
                  | flame

Illustrated notes

Levels and vault maps discovered:
D:1:      dpeg_arrival_three_bigger_balls, layout_loops_ring,
          nicolae_ecumenical_lake_church
D:2:      cheibrodos_helix_gallery, layout_basic, grunt_ministairs_9,
          minmay_pentomino_pile
D:3:      layout_basic, nicolae_vehumet_radiance, ebering_ghost_disaster_area,
          grunt_ministairs_14, minmay_misc_feat_cross, corexii_leaking_fountain,
          minmay_fountain_box
D:4:      layout_loops_ring, nicolae_wu_jian_wuxing_cycle, corexii_checkpoint_a,
          minivault_5
D:5:      layout_basic, nicolae_ashenzari_skybound, slow_altar_2,
          temple_doors_cd, cheibrodos_sewer_entry_bend
Temple:   nicolae_temple_godzebo

Skill      XL: |  1  2  3  4  5  6  7  8 |
---------------+-------------------------+-----
Fighting       | 1 2 |  2.3
Fire Magic     | 3 5 6 |  6.0
Stealth        | 2 |  2.0
Dodging        | 2 |  2.0
Conjurations   | 2 3 |  3.0
Spellcasting   | 4 5 |  5.0
Hexes          | 1 |  1.0
Evocations     | 2 4 |  4.0

Action                     |  1- 3 |  4- 6 |  7- 9 || total
---------------------------+-------+-------+-------++-------
  Melee: Unarmed           |    42 |    14 |     1 ||    57
   Cast: Foxfire           |    92 |    88 |    77 ||   257
         Scorch            |     3 |    27 |    20 ||    50
         Inner Flame       |       |     1 |     3 ||     4
  Evoke: Wand              |       |     1 |     3 ||     4
    Use: Potion            |       |     1 |       ||     1
         Scroll            |       |       |     8 ||     8
   Stab: Paralysed         |       |     2 |       ||     2
 Armour: Robe              |    15 |     6 |     5 ||    26
  Dodge: Dodged            |    62 |    29 |     8 ||    99

Table legend: (Time is in decaauts)
 A = Elapsed time spent in this place.
 B = Non-inter-level travel time spent in this place.
 C = Inter-level travel time spent in this place.
 D = Time resting spent in this place.
 E = Time spent auto-exploring this place.
 F = Levels seen in this place.
 G = Mean time per level.
                   A        B        C        D        E       F      G
               +--------+--------+--------+--------+--------+-----+--------+
         Total |   7380 |   7081 |    299 |    210 |   5772 |   7 | 1054.3 |
       Dungeon |   5885 |   5614 |    271 |    210 |   4557 |   5 | 1177.0 |
        Temple |    126 |     98 |     28 |      0 |     80 |   1 |  126.0 |
         Sewer |   1367 |   1367 |      0 |      0 |   1134 |   1 | 1367.0 |
               +--------+--------+--------+--------+--------+-----+--------+

Top non-repeatable levels by time:
     D:1: 1871 daAuts
   Sewer: 1367 daAuts
     D:2: 1341 daAuts
     D:4: 1288 daAuts
     D:3: 1008 daAuts
     D:5: 375 daAuts
  Temple: 126 daAuts
